 Dungeon Crawl Stone Soup version 0.27.1-33-g824d729ab1 (webtiles) character file.

Game seed: 5199689173303153816

3046 ces the Unseen (level 9, 0/44 HPs)
             Began as a Spriggan Brigand on Nov 30, 2021.
             Was an Initiate of Gozag.
             Slain by an orc warrior (31 damage)
             ... in a bailey.
             The game lasted 00:38:47 (15316 turns).

ces the Unseen (Spriggan Brigand)                  Turns: 15316, Time: 00:38:52

Health: 0/44       AC:  5    Str:  7    XL:     9   Next: 56%
Magic:  10/10      EV: 25    Int: 13    God:    Gozag
Gold:   1101       SH:  0    Dex: 25    Spells: 8/8 levels left

rFire    . . .     SeeInvis +   k - +2 dagger (holy)
rCold    . . .     Faith    .   (shield restricted)
rNeg     . . .     Spirit   .   b - +2 robe
rPois    .         Reflect  .   (helmet restricted)
rElec    .         Harm     .   c - +0 cloak
rCorr    .         Rampage  .   (gloves unavailable)
Will     +....                  (boots unavailable)
Stlth    ++++++....             l - amulet of the acrobat
HPRegen  0.14/turn              x - +6 ring of dexterity
MPRegen  0.12/turn              a - ring of wizardry

@: very quick
A: very small, no large weapons, unfitting armour, see invisible, speed 3,
screaming 1, sturdy frame 1
a: Renounce Religion, Potion Petition, Call Merchant, Bribe Branch


You were in a bailey.
You worshipped Gozag.
Gozag was most pleased with you.
You visited 2 branches of the dungeon, and saw 9 of its levels.
You also visited: Ossuary and Bailey.

You collected 1214 gold pieces.
You paid 113 gold pieces to Gozag.

Inventory:

Hand Weapons
 k - a +2 dagger of holy wrath (weapon)
Missiles
 n - 11 poisoned darts (quivered)
 u - 8 bolts
Armour
 b - a +2 robe (worn)
 c - a +0 cloak (worn)
Jewellery
 a - a ring of wizardry (right hand)
 e - a ring of fire
 l - an amulet of the acrobat (around neck)
 x - a +6 ring of dexterity (left hand)
Wands
 v - a wand of polymorph (8)
Scrolls
 g - a scroll of amnesia
 h - a scroll of summoning {unknown}
 i - 2 scrolls of noise
 j - a scroll of vulnerability {unknown}
 m - a scroll of teleportation
 s - 3 scrolls of immolation
 t - a scroll of magic mapping
Potions
 d - a potion of lignification
 o - 3 potions of flight
 q - 2 potions of attraction
 r - 2 potions of might
 w - 4 potions of haste
Miscellaneous
 f - a phantom mirror (inert)


   Skills:
 - Level 3.1 Fighting
 - Level 6.5 Short Blades
 - Level 2.0 Throwing
 + Level 8.1 Dodging
 * Level 15.0 Stealth
 - Level 3.1 Evocations


You had 8 spell levels left.
You didn't know any spells.
Your spell library contained the following spells:

 Spells                   Type           Power      Damage    Failure   Level
 Sting                    Tmut/Pois      0%         1d3       12%         1
 Summon Small Mammal      Summ           0%         N/A       12%         1
 Passwall                 Tmut/Erth      0%         N/A       19%         2
 Poisonous Vapours        Pois/Air       0%         N/A       19%         2
 Call Canine Familiar     Summ           0%         N/A       34%         3
 Summon Guardian Golem    Hex/Summ       0%         N/A       34%         3
 Swiftness                Air            0%         N/A       34%         3
 Olgreb's Toxic Radiance  Pois           0%         N/A       73%         4
 Invisibility             Hex            0%         N/A       100%        6


Dungeon Overview and Level Annotations

Branches:
Dungeon (8/15)             Temple (1/1) D:5         Ossuary (visited)
 Bailey (1/1)
   Lair: D:8-11

Altars:
Ashenzari
Cheibriados
Elyvilon
Fedhas
Gozag
Hepliaklqana
Kikubaaqudgha
Makhleb
Okawaru
Qazlal
Trog
Vehumet
Wu Jian
Xom
Yredelemnul
The Shining One

Shops:
D:5 **   D:7 (

Annotations:
D:3 Eustachio
D:4 3 runed translucent doors, hilljack's ghost, amateur GrEE; pkoi's ghost, amateur DrMo


Innate Abilities, Weirdness & Mutations

You are very small and have problems with some larger weapons.
You are too small for most types of armour.
You have supernaturally acute eyesight. (SInv)
You cover ground extremely quickly. (Speed+++)
You occasionally shout uncontrollably at your foes.
Your movements are slightly less encumbered by armour. (ER -2)


Message History

Things that are here:
a +0 halberd; a +0 ring mail An orc warrior comes into view.
It is wielding a +0 halberd.
There is an open door here.
What are your orders? t - Yell!
Orders for allies: a - Attack new target. r - Retreat! s - Stop attacking. g - Guard the area. f - Follow me.
Anything else - Cancel.
Okay, then.
The orc warrior shouts! x2; You hear a shout! x2; The orc warrior shouts!
The orc warrior completely misses you.
The orc knight roars a battlecry!
The orc warriors go into a battle-frenzy!
The orc warrior completely misses you. The orc warrior misses you.
The orc warrior completely misses you.
The orc warrior completely misses you. x2
Throw: 13 darts (poison)
Press: ? - help, Q - select action, (/) - cycle Shift-Dir - straight line, f - orc warrior
Aim: an orc warrior, wielding a +0 halberd and wearing a +0 chain mail (strong, 63% to hit)
You throw a poisoned dart. The poisoned dart hits the orc warrior.
Unknown command.
Throw: 12 darts (poison)
Press: ? - help, Q - select action, (/) - cycle Shift-Dir - straight line, f/p - orc warrior
Aim: an orc warrior, wielding a +0 halberd and wearing a +0 chain mail (strong, 63% to hit)
You throw a poisoned dart. The poisoned dart hits the orc warrior.
The orc warrior is poisoned.
The orc warrior completely misses you.
The orc warrior hits you from afar with a +0 spear!
The orc warrior completely misses you. x2
The phantom mirror is presently inert.
Unknown command.
You open the door.
The orc warrior no longer looks unusually strong.
The orc warrior completely misses you. The orc warrior misses you.
The orc warrior hits you from afar with a +0 bardiche!!
Ouch! That really hurt!
You die...
Your body crumbles into a pile of gold.

.≈.#############+###'#########)≈.
.≈.## ##...o.....## $$$ ##.≈.
.≈..## ##..≈≈§§≈≈≈..## $ ##..≈.
.≈≈..## #+..≈≈.....≈≈..## ##..≈≈.
#.≈≈..# #..≈≈(.⌠∩⌠..§≈..#'#..≈≈.∩
∩.≈≈..# #..≈§o§o⌠...≈≈..#'#..≈≈.#
.≈≈..## ##..§≈ooo..≈§..##.##..≈≈.
.≈).## $ ##.§≈≈§≈≈≈≈..#'...##..≈.
.≈.##.$$$.##....@....##.....##.≈.
.≈.#############'#############.≈.
.≈))##### ... ##..........≈.
.≈≈≈≈≈≈≈#######["[##..≈≈≈≈≈≈≈≈≈≈.
.........##...##.##..≈≈..........
#######.##..≈..###..≈≈..#########
####...##...≈≈.....≈≈..##
#∩..#######..≈≈≈≈≈≈≈..## ∩####
##.........##


You could see an orc knight and 5 orc warriors.

Vanquished Creatures
  A two-headed ogre (D:6)
  A centaur zombie (D:5)
  Duvessa (D:4)
  2 orc warriors (Bailey)
  An ice beast (D:7)
  4 sky beasts (D:6)
  A necrophage (D:5)
  2 centaurs
  2 kobold brigands (D:7)
  Dowan (D:4)
  A water moccasin zombie (D:5)
  A scorpion (D:6)
  A howler monkey (D:6)
  A bullfrog zombie (D:5)
  2 human zombies (Ossuary)
  3 gnoll shamans
  2 hounds
  An orc priest (D:4)
  An iguana (D:5)
  An orc wizard (D:4)
  2 hound zombies (Ossuary)
  2 hound skeletons (D:4)
  3 mummies (Ossuary)
  Robin (D:2)
  13 gnolls
  5 adders
  A river rat (D:7)
  An ufetubus (D:7)
  An adder zombie (Ossuary)
  2 worms (D:3)
  11 dart slugs
  10 orcs
  8 bats
  4 endoplasms
  4 giant cockroaches
  13 goblins
  11 hobgoblins
  A jackal (Bailey)
  7 quokkas
  10 ball pythons
  2 frilled lizards (D:1)
  A gnoll zombie (Ossuary)
  3 goblin zombies (Ossuary)
  2 hobgoblin zombies (Ossuary)
  13 kobolds
  A kobold zombie (Ossuary)
  5 rats
167 creatures vanquished.

Vanquished Creatures (others)
  6 plants (D:2)
6 creatures vanquished.

Grand Total: 173 creatures vanquished

Notes
Turn   | Place    | Note
-------+----------+-------------------------------------------
     0 | D:1      | ces the Spriggan Brigand began the quest for the Orb.
     0 | D:1      | Reached XP level 1. HP: 10/10 MP: 2/2
   230 | D:1      | Reached skill level 6 in Stealth
   232 | D:1      | Reached XP level 2. HP: 8/14 MP: 3/3
  1334 | D:1      | Reached XP level 3. HP: 18/18 MP: 4/4
  1817 | D:2      | Noticed Robin
  2250 | D:2      | Killed Robin
  2251 | D:2      | Reached skill level 7 in Stealth
  2870 | D:2      | Reached XP level 4. HP: 23/23 MP: 5/5
  3603 | D:3      | Found a faded altar of an unknown god.
  4017 | D:3      | You fall into a shaft and drop 3 floors!
  4324 | D:7      | Noticed an air elemental
  4324 | D:7      | Noticed a fire elemental
  4324 | D:7      | Noticed a kobold brigand
  4324 | D:7      | Found a stormy altar of Qazlal.
  4338 | D:6      | Noticed a two-headed ogre
  4405 | D:5      | Entered Level 5 of the Dungeon
  4415 | D:5      | Found a staircase to the Ecumenical Temple.
  4537 | Temple   | Entered the Ecumenical Temple
  4945 | Temple   | Became a worshipper of Gozag Ym Sagoz the Greedy
  5183 | D:5      | Noticed a centaur warrior zombie
  5237 | D:5      | Found Unun Kaq's Specific Store.
  5238 | D:5      | Found Ximau's General Store.
  5646 | D:5      | Reached XP level 5. HP: 16/26 MP: 6/6
  5802 | D:5      | Noticed a phantom
  6000 | D:4      | Noticed Eustachio
  6629 | D:3      | Found an ancient bone altar of Kikubaaqudgha.
  6900 | D:3      | Found a hazy altar of Hepliaklqana.
  6973 | D:2      | Gained mutation: You occasionally shout uncontrollably at
                  | your foes. [potion of mutation]
  6973 | D:2      | Gained mutation: Your movements are slightly less
                  | encumbered by armour. (ER -2) [potion of mutation]
  7042 | D:4      | Reached skill level 8 in Stealth
  7053 | D:4      | Noticed Duvessa
  7057 | D:4      | Killed Duvessa
  7058 | D:4      | Reached skill level 9 in Stealth
  7058 | D:4      | Reached skill level 1 in Evocations
  7058 | D:4      | Reached XP level 6. HP: 22/30 MP: 7/7
  7058 | D:4      | Noticed Dowan
  7061 | D:4      | Killed Dowan
  7814 | D:4      | Found a runed translucent gate.
  7814 | D:4      | Found a runed translucent gate.
  7814 | D:4      | Found a runed translucent gate.
  7823 | D:4      | Noticed pkoi's ghost (amateur DrMo)
  7823 | D:4      | Noticed hilljack's ghost (amateur GrEE)
  7949 | D:4      | Found a basalt altar of Yredelemnul.
  8315 | D:5      | Reached XP level 7. HP: 35/35 MP: 8/8
  8376 | D:5      | Reached skill level 10 in Stealth
  8768 | D:5      | Reached skill level 5 in Short Blades
  8768 | D:5      | Reached skill level 11 in Stealth
  8768 | D:5      | Reached XP level 8. HP: 20/39 MP: 9/9
 10949 | D:6      | Reached skill level 5 in Dodging
 11124 | D:6      | Reached skill level 12 in Stealth
 11499 | D:6      | Killed a two-headed ogre
 11500 | D:6      | Reached skill level 13 in Stealth
 11500 | D:6      | Reached XP level 9. HP: 44/44 MP: 10/10
 12185 | D:7      | Found Gadumir's Weapon Shoppe.
 12486 | D:7      | Reached skill level 14 in Stealth
 13782 | D:8      | Found a sand-covered staircase.
 13793 | Ossuary  | Entered an ossuary
 14337 | D:8      | Found a flagged portal.
 14344 | Bailey   | Entered a bailey
 14994 | Bailey   | Noticed an orc knight
 15043 | Bailey   | Reached skill level 15 in Stealth
 15316 | Bailey   | Slain by an orc warrior

Illustrated notes

Levels and vault maps discovered:
D:1:      minmay_arrival_checkered_box, layout_rooms, grunt_decor_mini_mirrors
D:2:      layout_loops_ring, serial_forest, infiniplex_forest_clump_tiny,
          infiniplex_forest_end_2, infiniplex_forest_end_1,
          infiniplex_forest_straight_3, infiniplex_forest_clump_cross,
          infiniplex_forest_end_2, infiniplex_forest_clump_double,
          infiniplex_forest_lined_corner, kennysheep_generic_room_10, uniq_robin
D:3:      layout_basic, mainiacjoe_overflow_six_doors_small,
          nzn_hepliaklqana_mist_gate, basic_ecumenical_altar
D:4:      layout_cave_pools, mainiacjoe_overflow_chevrons,
          gammafunk_ghost_cemetery, uniq_duvessa, uniq_eustachio
D:5:      kennysheep_slugbush, layout_basic, minmay_temple_entry_stoned_glass,
          nicolae_specific_store
D:6:      layout_basic
D:7:      layout_gridville, nicolae_qazlal_style_of_elements, serial_shops,
          nicolae_inconvenience_store
D:8:      layout_basic, enter_bailey_4, enter_ossuary_3,
          minmay_fractal_squares_gapless_5
Temple:   minmay_temple_forest_path
Bailey:   bailey_polearm_1, bailey

Skill      XL: |  1  2  3  4  5  6  7  8  9 |
---------------+----------------------------+-----
Stealth        | 6 7 9 11 13 15 | 15.0
Short Blades   | 3 4 5 6 |  6.5
Dodging        | 2 3 4 6 8 |  8.1
Fighting       | 2 3 |  3.1
Evocations     | 1 2 3 |  3.1
Throwing       | |  2.0

Action                   |  1- 3 |  4- 6 |  7- 9 || total
-------------------------+-------+-------+-------++-------
Melee: Dagger            |   176 |   207 |   346 ||   729
Throw: Dart              |    10 |    29 |   150 ||   189
Evoke: Wand              |       |    20 |    27 ||    47
       Phantom mirror    |       |       |     1 ||     1
  Use: Scroll            |       |     8 |     8 ||    16
       Potion            |       |     6 |     3 ||     9
 Stab: Sleeping          |     7 |    14 |    13 ||    34
       Distracted        |       |       |     7 ||     7
Armor: Robe              |    32 |    13 |    32 ||    77
       Skin              |       |    11 |       ||    11
Dodge: Dodged            |   137 |   103 |   299 ||   539
